 Dungeon Crawl Stone Soup version 0.25.0-41-g26779e291d (webtiles) character file.

Game seed: 16599277893920486506

578 Ethylacetat the Stinger (level 7, -7/45 HPs)
             Began as an Octopode Venom Mage on July 10, 2020.
             Mangled by an ogre
             ... wielding a +0 giant spiked club
              (20 damage)
             ... on level 5 of the Dungeon.
             The game lasted 00:12:36 (5189 turns).

Ethylacetat the Stinger (Octopode Venom Mage)       Turns: 5189, Time: 00:12:37

Health: -7/45      AC:  1    Str:  9    XL:     7   Next: 35%
Magic:  0/11       EV: 13    Int: 17    God:
Gold:   206        SH:  5    Dex: 13    Spells: 11/12 levels left

rFire    . . .     SeeInvis .     - Unarmed
rCold    . . .     Gourm    .   (no shield)
rNeg     . . .     Faith    .   (helmet restricted)
rPois    .         Spirit   .   p - amulet of reflection
rElec    .         Reflect  +   f - ring of teleportation (curse)
rCorr    .         Harm     .   (no ring)
MR       +....     Rnd*Tele +   g - ring of protection from magic
Stlth    +++.......             (no ring)
HPRegen  0.15/turn              (no ring)
MPRegen  0.12/turn              (no ring)
                                (no ring)
                                (no ring)

@: no status effects
A: almost no armour, stealthy swim, amphibious, 8 rings, constrict 8, camouflage
1, gelatinous body 1
a: no special abilities


You were on level 5 of the Dungeon.
You were not hungry.

You visited 1 branch of the dungeon, and saw 5 of its levels.

You collected 206 gold pieces.

Inventory:

Jewellery
 f - a cursed ring of teleportation (left tentacle)
 g - a ring of protection from magic (on tentacle)
 p - an amulet of reflection (around mantle)
Wands
 k - a wand of random effects (19)
Scrolls
 d - 2 scrolls of noise {unknown}
 h - a scroll of enchant weapon {unknown}
 i - 2 scrolls of blinking {unknown}
 j - 2 scrolls of identify {unknown}
 n - a scroll of immolation {unknown}
Potions
 a - a potion of brilliance {unknown}
 c - 4 potions of haste {unknown}
 e - a potion of invisibility {unknown}
 m - a potion of curing {unknown}
 o - a potion of stabbing {unknown}
 q - 2 potions of degeneration {unknown}
Comestibles
 b - 6 rations


   Skills:
 + Level 2.6 Fighting
 - Level 2.0 Dodging
 - Level 2.6 Stealth
 + Level 2.5 Unarmed Combat
 + Level 3.3 Spellcasting
 * Level 4.1 Transmutations
 - Level 5.8 Poison Magic


You had 11 spell levels left.
You knew the following spells:

 Your Spells              Type           Power        Failure   Level  Hunger
a - Sting                 Tmut/Pois      ###.         2%          1    None

Your spell library contained the following spells:

 Spells                   Type           Power        Failure   Level  Hunger
 Poisonous Vapours        Pois/Air       ##....       8%          2    ##.....
 Ignite Poison            Fire/Tmut/Pois ##......     13%         3    ###....
 Olgreb's Toxic Radiance  Pois           ###.....     16%         4    ####...
 Corona                   Hex            #......      17%         1    None
 Mephitic Cloud           Conj/Pois/Air  #.......     22%         3    ###....
 Slow                     Hex            #.......     26%         2    ##.....
 Inner Flame              Hex/Fire       #.......     45%         3    ###....
 Portal Projectile        Hex/Tloc       #.....       45%         3    ###....
 Cause Fear               Hex            #.........   86%         4    ####...
 Leda's Liquefaction      Hex/Erth       #.........   86%         4    ####...


Dungeon Overview and Level Annotations

Branches:
Dungeon (5/15)
 Temple: D:4-7

Altars:
Fedhas
Xom
The Shining One


Innate Abilities, Weirdness & Mutations

You cannot wear most types of armour.
You are very stealthy in the water. (Stealth+)
You are amphibious.
You can wear up to eight rings at the same time.
You can use your tentacles to constrict eight enemies at once.
Your skin changes colour to match your surroundings (Stealth+).
Your rubbery body absorbs attacks. (AC +1, EV +1)


Message History

Aim: an ogre, wielding a +0 giant spiked club (heavily wounded, very poisoned)
The sting hits the ogre.
The ogre looks even sicker.
The ogre is heavily wounded.
The ogre closely misses you.
Casting: Sting (safe; 2% risk of failure)
Confirm with . or Enter, or press ? or * to list all spells.
Aiming: Sting (safe; 2% risk of failure)
Press: ? - help, Shift-Dir - straight line, f/p - ogre
Aim: an ogre, wielding a +0 giant spiked club (severely wounded, very poisoned)
The sting hits the ogre.
The ogre looks even sicker.
The ogre is almost dead.
Found 17 gold pieces.
You see here a scroll labeled KEIJYWK GAKE.
You completely miss the ogre.
The ogre is almost dead.
You block the ogre's attack.
You tentacle-slap the ogre but do no damage.
The ogre is almost dead.
The ogre hits you with a +0 giant spiked club!!
You die...

##......
.......
...$..#
..#
#.....#
#..#
#....#
#..
#...#
#.. #..#
#..
#@.## ..
#.O.#
##..##
###.##
##.###
##..##
#...#
##..#
#..##


You could see an ogre (very poisoned).

Vanquished Creatures
  A sky beast (D:3)
  An ogre (D:5)
  A howler monkey (D:4)
  A hound (D:4)
  4 orc wizards
  An iguana (D:4)
  Natasha (D:2)
  A worker ant (D:4)
  A hound skeleton (D:4)
  4 adders
  2 oozes (D:1)
  An adder skeleton (D:4)
  A worm (D:4)
  2 dart slugs
  5 leopard geckos
  4 orcs
  5 ball pythons
  4 giant cockroaches
  5 hobgoblins
  5 jackals
  8 bats
  5 frilled lizards
  6 goblins (D:1)
  10 kobolds
  A leopard gecko skeleton (D:4)
  9 rats
89 creatures vanquished.

Notes
Turn   | Place    | Note
-------+----------+-------------------------------------------
     0 | D:1      | Ethylacetat the Octopode Venom Mage began the quest for the
                  | Orb.
     0 | D:1      | Reached XP level 1. HP: 11/11 MP: 3/3
   224 | D:1      | Reached XP level 2. HP: 17/17 MP: 3/5
   493 | D:1      | Reached skill level 4 in Poison Magic
   620 | D:1      | Reached XP level 3. HP: 22/22 MP: 4/6
  1738 | D:2      | Reached skill level 1 in Fighting
  1777 | D:2      | Noticed Natasha
  1783 | D:2      | Killed Natasha
  1783 | D:2      | Reached skill level 1 in Unarmed Combat
  1783 | D:2      | Reached XP level 4. HP: 21/28 MP: 3/7
  2892 | D:3      | Reached XP level 5. HP: 32/33 MP: 6/8
  2922 | D:3      | Noticed a sky beast
  2935 | D:3      | Killed a sky beast
  2935 | D:3      | Reached skill level 5 in Poison Magic
  3635 | D:3      | Reached XP level 6. HP: 39/39 MP: 8/10
  3897 | D:3      | Found a blossoming altar of Fedhas.
  4069 | D:4      | Found a shimmering altar of Xom.
  4073 | D:4      | Found a shimmering altar of Xom.
  4073 | D:4      | Found a shimmering altar of Xom.
  4073 | D:4      | Found a shimmering altar of Xom.
  4075 | D:4      | Found a shimmering altar of Xom.
  4141 | D:4      | Found a glowing golden altar of the Shining One.
  4947 | D:4      | Reached XP level 7. HP: 41/45 MP: 7/11
  4951 | D:5      | Entered Level 5 of the Dungeon
  5189 | D:5      | Mangled by an ogre

Illustrated notes

Levels and vault maps discovered:
D:1:      dpeg_arrival_short_road, layout_loops_corners, chequers_garden,
          st_stairs_7
D:2:      layout_loops_cross, first_ration, uniq_natasha
D:3:      layout_loops_corners, old_standard_altar, kennysheep_flooded_box,
          minivault_26
D:4:      layout_basic, nicolae_xom_altar_mimics, serial_rivers,
          chequers_serial_rivers_large_a, chequers_serial_rivers_micro_e,
          chequers_serial_rivers_micro_b, chequers_serial_rivers_micro_a,
          nicolae_tso_swordbearing_angel
D:5:      layout_layer_cave, nicolae_overflow_hidden_temple

Skill      XL: |  1  2  3  4  5  6  7 |
---------------+----------------------+-----
Poison Magic   | 4 5 |  5.8
Transmutations | 2 3 4 |  4.1
Fighting       | 1 2 |  2.6
Unarmed Combat | 1 2 |  2.5
Spellcasting   | 3 |  3.3
Dodging        | |  2.0
Stealth        | |  2.6

Action                   |  1- 3 |  4- 6 |  7- 9 || total
-------------------------+-------+-------+-------++-------
Melee: Unarmed           |    43 |    55 |     5 ||   103
       Constrict         |    11 |    14 |     1 ||    26
       Tentacles         |     5 |    13 |     1 ||    19
 Cast: Sting             |    61 |    75 |    19 ||   155
 Stab: Sleeping          |       |     1 |       ||     1
  Eat: Chunk             |     3 |    11 |       ||    14
Armor: Skin              |    12 |     5 |     1 ||    18
Dodge: Dodged            |    56 |    57 |     6 ||   119
Block: Other             |       |     6 |     5 ||    11
